 Dungeon Crawl Stone Soup version 0.30-a0-639-g3916f1956a (webtiles) character file.

Game seed: 8660686285296216762

424 bande the Chopper (level 6, -5/39 HPs)
             Began as a Gargoyle Fighter on Jan 16, 2023.
             Slain by an ogre
             ... wielding a +0 giant club
              (14 damage)
             ... on level 4 of the Dungeon.
             The game lasted 00:06:09 (3148 turns).

bande the Chopper (Gargoyle Fighter)                Turns: 3148, Time: 00:06:09

Health: -5/39      AC: 22    Str: 20    XL:     6   Next: 96%
Magic:  6/6        EV:  9    Int:  8    God:
Gold:   229        SH:  4    Dex: 11    Spells: 5/5 levels left

rFire   . . .      SeeInvis .    a - +0 war axe
rCold   + + .      Faith    .    c - +0 buckler
rNeg    + . .      Spirit   .    r - +4 scale mail {rC+}
rPois   ∞          Reflect  .    o - +2 helmet
rElec   +          Harm     .    b - +2 cloak
rCorr   .          Rampage  .    (no gloves)
Will    .....                    (no boots) Stlth
                                 (no amulet)
HPRegen 0.26/turn                h - ring of protection from cold
MPRegen 0.10/turn                (no ring)

@: no status effects
A: sickness immunity, AC +4, negative energy resistance 1, electricity
resistance, torment resistance 1, petrification resistance
a: no special abilities


You were on level 4 of the Dungeon.
You visited 1 branch of the dungeon, and saw 5 of its levels.

You collected 229 gold pieces.

Inventory:

Hand Weapons
 a - a +0 war axe (weapon)
 k - a +0 war axe
Armour
 b - a +2 cloak (worn)
 c - a +0 buckler (worn)
 o - a +2 helmet (worn)
 r - a +4 scale mail of cold resistance (worn)
Jewellery
 h - a ring of protection from cold (left hand)
Scrolls
 e - a scroll of fear
 f - a scroll of amnesia
 g - a scroll of torment {unknown}
 i - a scroll of immolation {unknown}
Potions
 d - 2 potions of might
 m - a potion of magic
 p - 2 potions of heal wounds
 q - a potion of lignification {unknown}


   Skills:
 + Level 4.4 Fighting
 + Level 4.8 Axes
 + Level 4.6 Armour
 - Level 1.1 Stealth
 + Level 4.1 Shields


You had 5 spell levels left.
You didn't know any spells.
Your spell library contained the following spells:

 Spells                   Type           Power      Damage    Failure   Level
 Ensorcelled Hibernation  Hex/Ice        0%         N/A       93%         2
 Passwall                 Tmut/Erth      0%         N/A       93%         2
 Swiftness                Air            0%         N/A       99%         3


Dungeon Overview and Level Annotations

Branches:
Dungeon (5/15)
 Temple: D:4-7

Altars:
Uskayaw

Shops:
D:2 ?

Annotations:
D:5 Eustachio


Innate Abilities, Weirdness & Mutations

You are immune to sickness and miasma.
Your stone body is resilient. (AC +4)
You are immune to poison.
You resist negative energy. (rN+)
You are resistant to electric shocks. (rElec)
You are resistant to unholy torment.
You are immune to petrification.


Message History

Done exploring.
There is an open door here.
You open the door.
There is an open door here.
There is a stone staircase leading down here.
You climb downwards.
Eustachio shouts!
You hear a bark! x2
Found 20 gold pieces.
There is a stone staircase leading up here.
The ogre closely misses you.
You climb upwards.
There is a stone staircase leading down here.
You barely miss the ogre. You hit the ogre but do no damage.
The ogre hits you but does no damage.
You hit the ogre.
The ogre is lightly wounded.
The ogre hits you with a +0 giant club!
You slash the ogre!
The ogre is moderately wounded.
The ogre barely misses you.
You hit the ogre.
The ogre is heavily wounded.
The ogre hits you with a +0 giant club!
* * * LOW HITPOINT WARNING * * *
You are too injured to fight recklessly!
You are too injured to fight recklessly!
You are too injured to fight recklessly!
You are too injured to fight recklessly!
You are too injured to fight recklessly!
You are too injured to fight recklessly!
You hit the ogre.
The ogre is heavily wounded.
The ogre barely misses you.
You slash the ogre!
The ogre is almost dead.
The ogre hits you but does no damage.
You hit the ogre but do no damage.
The ogre is almost dead.
The ogre hits you with a +0 giant club!
You die...

........#........#.....#
###'######..###'#####..#
###....###..##..##..####
#......#....#....#...#
#......#....#....'...#
#########).####'###.######
##.....##.)###..####.....##
#.......#.)...>..#........#
#.......'.......@#........#
#.......#......O.#........#
'.......#........#........#
###########################


You could see an ogre.

Vanquished Creatures
  A black bear (D:4)
  A sky beast (D:4)
  Crazy Yiuf (D:3)
  Terence (D:3)
  An orc wizard (D:3)
  Robin (D:3)
  4 adders
  An ufetubus (D:4)
  3 worms
  A dart slug (D:2)
  12 orcs
  7 ball pythons
  10 endoplasms
  5 giant cockroaches
  10 goblins
  3 hobgoblins
  5 kobolds
  6 quokkas
  7 bats
  A frilled lizard (D:2)
  6 rats
87 creatures vanquished.

Notes
Turn   | Place    | Note
-------+----------+-------------------------------------------
     0 | D:1      | bande the Gargoyle Fighter began the quest for the Orb.
     0 | D:1      | Reached XP level 1. HP: 14/14 MP: 1/1
   278 | D:1      | Reached XP level 2. HP: 19/19 MP: 2/2
   640 | D:2      | Reached XP level 3. HP: 24/24 MP: 3/3
   889 | D:2      | Found Etiky's Magic Scroll Boutique.
   898 | D:2      | Reached skill level 1 in Stealth
   944 | D:2      | Reached XP level 4. HP: 29/29 MP: 4/4
  1387 | D:3      | Noticed Robin
  1394 | D:3      | Killed Robin
  1467 | D:3      | You fall into a shaft and drop 1 floor!
  1786 | D:3      | Reached XP level 5. HP: 10/33 MP: 5/5
  2200 | D:3      | Noticed Terence
  2232 | D:3      | Killed Terence
  2269 | D:3      | Found a runed translucent door.
  2270 | D:3      | Noticed Crazy Yiuf
  2495 | D:3      | Found a hide-covered altar of Uskayaw.
  2593 | D:3      | Killed Crazy Yiuf
  2594 | D:3      | Reached XP level 6. HP: 29/38 MP: 3/6
  2719 | D:4      | Noticed a sky beast
  2747 | D:4      | Killed a sky beast
  2884 | D:4      | Noticed a black bear
  2894 | D:4      | Killed a black bear
  3138 | D:5      | Entered Level 5 of the Dungeon
  3138 | D:5      | Noticed Eustachio
  3148 | D:4      | Slain by an ogre

Illustrated notes

Levels and vault maps discovered:
D:1:      lemuel_arrival_cross, layout_rooms
D:2:      layout_basic, serial_shops, nicolae_shop_statue_plus
D:3:      layout_basic, general_overflow_altar, grunt_ministairs_9, st_stairs_3,
          uniq_terence, uniq_robin, uniq_crazy_yiuf_cottage
D:4:      layout_gridville
D:5:      layout_basic, kennysheep_mini_moat, minivault_14, uniq_eustachio

Skill      XL: |  1  2  3  4  5  6 |
---------------+-------------------+-----
Axes           | 2 3 4 |  4.8
Stealth        | 1 |  1.1
Armour         | 4 |  4.6
Fighting       | 4 |  4.4
Shields        | 4 |  4.1

Action                   |  1- 3 |  4- 6 || total
-------------------------+-------+-------++-------
Melee: War axe           |    86 |   229 ||   315
  Use: Scroll            |       |     8 ||     8
Armor: Scale mail        |    51 |   148 ||   199
Dodge: Dodged            |    38 |   112 ||   150
Block: Buckler           |    23 |    53 ||    76

Table legend: (Time is in decaauts)
 A = Elapsed time spent in this place.
 B = Non-inter-level travel time spent in this place.
 C = Inter-level travel time spent in this place.
 D = Time resting spent in this place.
 E = Time spent auto-exploring this place.
 F = Levels seen in this place.
 G = Mean time per level.
                   A        B        C        D        E       F      G
               +--------+--------+--------+--------+--------+-----+--------+
         Total |   3268 |   3222 |     46 |    462 |   1997 |   5 |  653.6 |
       Dungeon |   3268 |   3222 |     46 |    462 |   1997 |   5 |  653.6 |
               +--------+--------+--------+--------+--------+-----+--------+

Top non-repeatable levels by time:
     D:3: 1154 daAuts
     D:2: 867 daAuts
     D:4: 789 daAuts
     D:1: 455 daAuts
     D:5: 1 daAuts
